Map: Interloper LE

Players

uThermal

  • Race: Terran Terran
  • Spawn Location: 5:00

Nerchio - Winner!

  • Race: Zerg Zerg
  • Spawn Location: 11:00

Event: WCS Montreal 2017

VOD

Have the link to the VOD?

Description

Time

  • Played on: Sept. 8, 2017, 7:54 p.m.
  • Length: 21:09

All games in this series

Show
View Real Time Build Order
Export as new Build Order

uThermal Terran 

Build Orders: Reaper Expand, Mech 

Get SALT Encoding   

  12  0:01  SCV  
  13  0:13  SCV  
  14  0:18  Supply Depot  
  14  0:26  SCV  
  15  0:39  SCV  
  15  0:42  Barracks  
  16  0:45  Refinery  
  16  0:51  SCV  
  17  1:03  SCV  
  18  1:15  SCV  
  19  1:28  Reaper  
  19  1:29  Orbital Command  
  20  1:40  Command Center  
  20  1:52  Supply Depot  
  20  1:54  SCV  
  20  2:00  Marine  
  22  2:06  SCV  
  23  2:09  Factory  
  23  2:14  Refinery  
  23  2:18  Marine  
  23  2:20  SCV  
  25  2:36  SCV  
  26  2:43  Barracks Reactor  
  25  2:48  SCV  
  26  3:00  SCV  
  26  3:02  Widow Mine  
  26  3:05  Starport  
  28  3:12  Orbital Command, SCV  
  29  3:19  Marine  
  29  3:20  Marine  
  29  3:24  SCV  
  32  3:31  Factory Tech Lab  
  32  3:36  SCV  
  32  3:37  Supply Depot, Marine x2  
  32  3:38  SCV  
  36  3:42  Medivac  
  36  3:48  Supply Depot, SCV  
  38  3:50  Siege Tank  
  38  3:51  SCV  
  38  3:55  Marine x2  
  43  4:01  SCV  
  46  4:03  SCV  
  47  4:11  Supply Depot  
  47  4:12  Medivac  
  47  4:13  Marine x2, SCV  
  47  4:15  SCV  
  53  4:25  SCV  
  53  4:26  Siege Tank  
  53  4:27  SCV  
  58  4:37  Marine, SCV  
  60  4:38  Marine  
  60  4:39  SCV  
  60  4:40  Command Center  
  60  4:43  Medivac  
  64  4:49  SCV  
  64  4:50  Supply Depot  
  64  4:52  SCV  
  66  4:55  Supply Depot, Marine  
  66  4:56  Marine  
  68  5:01  Supply Depot, SCV  
  68  5:04  SCV  
  70  5:17  SCV x2  
  72  5:27  Refinery x2  
  72  5:28  Armory  
  72  5:29  Armory, SCV  
  72  5:30  Hellion x2  
  72  5:31  SCV  
  78  5:35  Supply Depot  
  78  5:41  SCV  
  79  5:43  SCV  
  80  5:53  Orbital Command, SCV, Hellion x2  
  80  5:55  SCV  
  86  5:59  Starport Tech Lab  
  86  6:03  Factory  
  80  6:04  Factory  
  80  6:05  SCV  
  80  6:11  Orbital Command, SCV  
  70  6:14  Hellion x2  
  70  6:17  SCV  
  73  6:23  SCV  
  74  6:27  Terran Vehicle And Ship Armor Level 1, Terran Vehicle Weapons Level 1  
  74  6:29  SCV  
  75  6:34  Starport Reactor  
  75  6:35  SCV, Hellion  
  75  6:36  SCV, Hellion  
  75  6:39  Engineering Bay  
  81  6:42  SCV  
  82  6:49  Factory, SCV  
  82  6:50  Factory  
  83  6:55  SCV  
  84  7:02  SCV  
  84  7:03  SCV  
  84  7:07  SCV  
  87  7:09  Siege Tank x2  
  87  7:10  Refinery  
  87  7:13  Hellion  
  87  7:15  Refinery  
  95  7:18  Missile Turret  
  95  7:19  SCV, Missile Turret  
  96  7:24  Missile Turret  
  96  7:25  Hellion  
  98  7:34  Hellion  
  100  7:37  Medivac  
  100  7:40  Factory Tech Lab  
  100  7:41  Factory Reactor, Hellion, SCV  
  100  7:44  Hellion  
  97  7:55  Supply Depot  
  97  7:56  Supply Depot  
  97  7:57  Supply Depot, Hellion x2  
  101  7:59  Missile Turret  
  101  8:00  Siege Tank  
  101  8:03  Siege Tank, Infernal Pre-Igniter  
  101  8:04  Supply Depot  
  107  8:16  Supply Depot, Siege Tank  
  107  8:18  Supply Depot  
  110  8:20  Command Center  
  110  8:26  Hellion  
  114  8:27  Hellion  
  114  8:29  Terran Vehicle Weapons Level 2  
  114  8:32  Siege Tank, Hellion  
  119  8:35  Siege Tank  
  119  8:37  Supply Depot  
  119  8:38  Supply Depot  
  119  8:39  Terran Vehicle And Ship Armor Level 2  
  122  8:43  Hellion  
  122  8:47  Hellion  
  128  8:48  Hellion  
  128  8:55  Siege Tank, Hellion  
  124  9:04  Siege Tank, Hellion  
  124  9:08  Hellion x2  
  133  9:10  Hellion  
  135  9:17  Hellion, Missile Turret  
  135  9:22  SCV  
  136  9:26  Hellion  
  136  9:27  Siege Tank  
  136  9:30  Hellion  
  136  9:31  Viking  
  144  9:32  Viking  
  146  9:41  Sensor Tower  
  146  9:44  Hellion x2  
  150  9:48  Hellion  
  150  9:51  Hellion  
  150  10:01  Viking, Planetary Fortress  
  152  10:11  Siege Tank, Hellion  
  152  10:12  Hellion  
  159  10:15  Missile Turret  
  159  10:18  Hellion  
  161  10:23  Hellion  
  161  10:24  Hellion  
  161  10:28  Viking  
  167  10:34  Viking  
  169  10:41  Hellion  
  169  10:46  Hellion  
  169  10:47  Hellion  
  162  10:53  Hellion  
  162  10:55  Hellion  
  162  10:58  Hellion  
  162  10:59  Hellion x5  
  148  11:14  Orbital Command  
  148  11:15  Hellion  
  148  11:16  Viking, Hellion  
  148  11:18  Hellion  
  149  11:35  Supply Depot  
  149  11:43  Hellion  
  149  11:45  Hellion  
  149  11:50  Hellion  
  142  11:54  Hellion  
  142  11:59  Hellion  
  127  12:05  Hellion  
  129  12:09  Hellion  
  127  12:25  Siege Tank, Hellion  
  124  12:30  Hellion  
  120  12:37  Viking  
  118  12:46  Hellion  
  118  12:48  Hellion  
  122  12:52  Hellion  
  122  12:55  Hellion  
  120  12:59  Hellion  
  120  13:02  Hellion  
  120  13:07  Hellion  
  82  13:20  Hellion  
  82  13:26  Hellion  
  86  13:29  Siege Tank  
  86  13:30  Siege Tank  
  88  13:39  SCV x2  
  90  13:48  Hellion  
  92  13:50  Hellion  
  92  13:51  SCV x2  
  96  13:58  Hellion  
  96  13:59  Hellion  
  100  14:03  SCV  
  100  14:04  Hellion  
  100  14:07  Orbital Command  
  103  14:10  Hellion  
  105  14:20  Hellion, Missile Turret  
  107  14:26  Hellion  
  109  14:34  Hellion  
  109  14:38  Hellion  
  99  14:40  Hellion  
  99  14:41  Hellion  
  99  14:48  Hellion  
  99  14:49  Hellion  
  99  14:55  Missile Turret  
  99  14:57  Hellion  
  101  15:01  Hellion  
  101  15:03  Hellion  
  105  15:17  Siege Tank x2, Hellion x2  
  115  15:26  Viking x2  
  115  15:28  Hellion  
  119  15:35  Siege Tank  
  119  15:36  Hellion  
  119  15:39  Hellion  
  112  15:44  Hellion  
  112  15:49  Siege Tank, Hellion  
  115  15:51  Hellion  
  115  15:57  Terran Vehicle Weapons Level 3  
  115  15:58  Hellion  
  117  16:07  Viking  
  117  16:10  Viking  
  121  16:13  Hellion  
  121  16:16  Hellion  
  125  16:21  Hellion  
  120  16:26  Hellion  
  120  16:27  Hellion  
  124  16:33  Hellion  
  124  16:39  Siege Tank, Hellion  
  123  16:42  Hellion  
  111  16:56  Hellion  
  115  17:08  Siege Tank  
  112  17:09  Viking  
  112  17:11  Siege Tank  
  117  17:17  Viking  
  115  17:24  Hellion  
  115  17:28  Hellion  
  115  17:38  Hellion  
  115  17:42  Siege Tank  
  120  17:52  Siege Tank  
  125  17:58  Hellion  
  119  18:24  Siege Tank  
  119  18:25  Hellion  
  120  18:34  Viking  
  120  18:37  Hellion  
  124  18:44  Orbital Command  
  124  18:53  Hellion  
  124  19:00  Hellion  
  118  19:08  Hellion  
  114  19:23  Hellion x2  
  118  19:31  Hellion  
  120  19:34  Hellion  
  122  19:41  Missile Turret  
  122  19:53  Siege Tank x2, Hellion  
  122  19:58  Supply Depot, Hellion  
  132  20:02  Hellion  
  134  20:10  Sensor Tower, Hellion  
  134  20:15  Hellion  
  112  20:25  Hellion  
  95  20:41  Hellion  
Show
View Real Time Build Order
Export as new Build Order

Nerchio Zerg - Winner!

Build Orders: Pool First 

Get SALT Encoding   

  12  0:00  Drone  
  13  0:12  Overlord  
  13  0:17  Drone  
  14  0:31  Drone x2  
  14  0:35  Drone  
  17  0:46  Spawning Pool  
  17  0:49  Drone  
  17  0:56  Drone  
  18  1:13  Hatchery  
  18  1:16  Extractor  
  18  1:18  Drone  
  17  1:21  Drone  
  18  1:32  Zergling x2  
  19  1:34  Queen  
  19  1:39  Drone  
  22  1:49  Overlord  
  22  2:08  Drone  
  23  2:10  Queen  
  23  2:13  Drone  
  26  2:16  Metabolic Boost  
  26  2:23  Drone  
  26  2:24  Queen  
  29  2:33  Drone  
  29  2:34  Drone  
  29  2:36  Drone  
  32  2:42  Drone x2  
  32  2:44  Spore Crawler  
  33  2:45  Drone  
  33  2:50  Drone  
  33  2:51  Drone  
  35  2:56  Overlord  
  36  3:11  Overlord  
  36  3:12  Hatchery  
  36  3:16  Drone x2  
  36  3:19  Drone  
  39  3:20  Drone  
  39  3:25  Queen  
  41  3:28  Drone  
  41  3:30  Drone  
  41  3:32  Drone x2  
  45  3:35  Drone  
  45  3:40  Queen  
  48  3:46  Spore Crawler  
  47  3:48  Overlord  
  47  3:51  Drone x3  
  47  3:53  Drone  
  51  3:56  Drone  
  51  3:57  Evolution Chamber  
  51  4:01  Overlord  
  51  4:06  Overlord  
  51  4:10  Zergling x8  
  51  4:11  Zergling x2  
  51  4:14  Overlord  
  56  4:17  Overlord  
  56  4:24  Queen  
  56  4:25  Zergling x2  
  56  4:26  Zergling x2  
  56  4:28  Overlord  
  60  4:32  Zergling x2  
  60  4:33  Zergling x4  
  60  4:34  Zergling x2  
  60  4:37  Zergling x4  
  66  4:40  Queen  
  69  4:45  Zergling x2  
  69  4:46  Zergling x2  
  69  4:49  Zergling x2  
  69  4:50  Zergling x2  
  72  4:53  Zerg Ground Armor Level 1  
  72  4:58  Drone x2  
  72  4:59  Drone  
  70  5:00  Drone x2  
  70  5:01  Drone  
  70  5:03  Spore Crawler  
  70  5:04  Drone  
  70  5:06  Drone  
  74  5:07  Drone  
  74  5:10  Drone  
  74  5:11  Drone x2  
  77  5:16  Evolution Chamber  
  77  5:19  Zergling x8  
  80  5:22  Zergling x2  
  81  5:30  Zergling x4  
  81  5:32  Baneling Nest, Zergling x2  
  81  5:33  Queen  
  85  5:39  Overlord  
  85  5:42  Zerg Melee Weapons Level 1  
  85  5:45  Zergling x8  
  85  5:46  Overlord  
  89  5:51  Overlord  
  89  5:56  Overlord  
  89  5:57  Queen  
  87  6:04  Drone x2  
  87  6:05  Drone x7  
  87  6:07  Drone  
  87  6:08  Drone  
  87  6:09  Pneumatized Carapace  
  96  6:13  Extractor x2, Drone x2  
  96  6:14  Extractor, Drone x2  
  96  6:15  Extractor, Drone  
  96  6:16  Extractor  
  96  6:17  Drone  
  97  6:19  Drone  
  97  6:20  Drone x2  
  96  6:29  Drone, Roach Warren  
  96  6:31  Drone x2  
  98  6:33  Spine Crawler  
  98  6:37  Lair  
  98  6:38  Overlord  
  97  6:40  Drone  
  97  6:47  Drone x2  
  100  6:48  Drone  
  100  6:51  Zerg Missile Weapons Level 1  
  100  6:52  Overlord  
  101  6:54  Hatchery  
  100  7:03  Overlord  
  101  7:10  Burrow  
  101  7:12  Roach x7  
  101  7:14  Hatchery  
  114  7:16  Overlord  
  114  7:19  Drone x2  
  114  7:20  Overlord, Drone  
  116  7:36  Drone x5  
  121  7:37  Glial Reconstitution  
  121  7:41  Hydralisk Den, Drone x2  
  121  7:42  Drone x5  
  121  7:43  Drone  
  124  7:57  Roach  
  124  7:58  Roach x5, Extractor  
  136  8:01  Overlord  
  136  8:04  Infestation Pit  
  134  8:13  Muscular Augments, Hydralisk x3  
  134  8:18  Zerg Ground Armor Level 2  
  140  8:22  Overlord  
  139  8:35  Hydralisk x6  
  151  8:43  Hydralisk x4  
  151  8:48  Hydralisk x2  
  161  8:51  Roach x2  
  159  9:09  Hydralisk x4  
  163  9:14  Hive  
  163  9:15  Hydralisk x4  
  163  9:16  Hydralisk  
  166  9:22  Overlord x2  
  159  9:24  Overlord x2  
  159  9:25  Overlord  
  159  9:30  Overlord  
  158  9:32  Overlord  
  158  9:34  Hydralisk  
  158  9:36  Overlord x2  
  160  9:45  Hydralisk x2  
  160  9:46  Hydralisk  
  165  9:53  Hydralisk x4  
  170  10:00  Hydralisk x3  
  170  10:01  Drone x2  
  170  10:03  Hatchery  
  170  10:04  Drone x2  
  170  10:05  Extractor  
  178  10:25  Baneling Nest  
  178  10:26  Roach  
  178  10:27  Roach x5, Spire  
  189  10:35  Roach  
  189  10:36  Roach x5  
  189  10:38  Roach  
  189  10:39  Roach x2  
  193  10:43  Roach x4  
  193  10:45  Roach  
  193  10:49  Roach x2  
  199  10:52  Overlord  
  185  11:05  Roach  
  185  11:06  Roach x7  
  185  11:07  Roach  
  185  11:09  Ravager x5  
  180  11:11  Roach  
  175  11:20  Roach x2, Viper  
  175  11:22  Roach  
  175  11:23  Zergling x6  
  181  11:28  Roach x13  
  181  11:29  Roach x2  
  181  11:30  Roach  
  181  11:32  Roach x2  
  186  11:33  Roach  
  186  11:34  Roach  
  186  11:36  Roach  
  189  11:42  Roach x2  
  189  11:45  Roach x2  
  182  11:48  Roach x2  
  182  11:51  Roach x2  
  182  11:52  Roach  
  165  11:59  Roach x3  
  149  12:01  Roach x2  
  149  12:05  Roach  
  149  12:06  Roach  
  153  12:08  Roach  
  153  12:11  Roach  
  153  12:14  Roach  
  155  12:16  Roach x2  
  155  12:18  Roach  
  155  12:21  Roach  
  155  12:22  Roach  
  162  12:26  Roach x31  
  162  12:29  Queen x2, Hydralisk  
  156  12:34  Hydralisk  
  158  12:39  Hydralisk  
  154  12:45  Hydralisk  
  154  12:47  Drone  
  154  12:48  Drone x4  
  154  12:51  Drone x2  
  156  12:56  Hydralisk  
  156  12:57  Hydralisk  
  149  13:11  Hydralisk  
  149  13:12  Hydralisk  
  116  13:13  Hydralisk x2  
  116  13:17  Drone x3  
  121  13:22  Hydralisk  
  121  13:26  Hydralisk  
  125  13:31  Drone x3  
  125  13:32  Extractor  
  125  13:33  Extractor  
  126  13:34  Hydralisk  
  126  13:38  Drone x2  
  130  13:41  Hydralisk  
  130  13:43  Hydralisk  
  130  13:48  Hydralisk  
  136  13:57  Tunneling Claws  
  136  13:59  Roach  
  138  14:04  Hydralisk  
  138  14:08  Hydralisk  
  138  14:09  Hydralisk  
  142  14:14  Drone x3  
  147  14:19  Hydralisk x2  
  151  14:25  Hydralisk x3  
  151  14:26  Hatchery  
  151  14:27  Drone x8  
  151  14:30  Hydralisk  
  156  14:33  Drone x3  
  156  14:34  Drone  
  143  14:38  Drone  
  143  14:39  Drone  
  143  14:41  Drone  
  143  14:43  Drone x2  
  146  14:47  Drone  
  146  14:48  Drone x2  
  146  14:49  Drone  
  147  15:02  Viper x2, Evolution Chamber  
  147  15:03  Viper  
  155  15:09  Roach x2  
  155  15:11  Roach  
  159  15:16  Roach x2  
  159  15:17  Roach  
  159  15:19  Roach  
  159  15:21  Roach  
  169  15:22  Roach  
  169  15:27  Roach  
  173  15:29  Roach  
  173  15:30  Roach  
  173  15:35  Roach  
  177  15:38  Roach x2  
  177  15:40  Roach x2  
  177  15:42  Roach  
  183  15:47  Roach  
  184  15:56  Roach x4  
  192  16:07  Zerg Missile Weapons Level 2  
  190  16:18  Roach x5  
  198  16:37  Roach x3  
  198  16:38  Viper  
  195  16:53  Viper x2  
  189  16:55  Roach  
  189  16:58  Roach  
  189  16:59  Roach  
  195  17:03  Spine Crawler x2, Drone x4  
  195  17:05  Spine Crawler x3  
  195  17:06  Spine Crawler  
  195  17:08  Drone x2  
  195  17:09  Spine Crawler x2, Extractor  
  195  17:13  Drone x2  
  192  17:20  Evolution Chamber  
  191  17:26  Drone x2  
  191  17:32  Drone  
  191  17:33  Drone x2  
  194  17:37  Spine Crawler  
  194  17:39  Spine Crawler, Extractor, Greater Spire  
  191  17:45  Corruptor  
  193  17:59  Corruptor x2  
  193  18:00  Corruptor  
  198  18:14  Corruptor x2  
  196  18:55  Corruptor x3  
  197  18:59  Drone  
  197  19:00  Drone x3  
  200  19:05  Drone x3  
  198  19:22  Drone x2  
  200  19:50  Hatchery  
  199  19:57  Spire  
  198  20:02  Brood Lord  
  168  20:28  Drone x3  
  152  20:31  Extractor  
  152  20:33  Brood Lord x4  
  152  20:34  Drone x2  
  152  20:35  Drone x2  
  163  20:36  Drone x3  
  166  20:46  Extractor  
Tags
 
Add a new tag
Caveats
  • Supply blocks, unpowered buildings, or Contaminate may cause inaccurate times.
  • Supply counts are checked every 10 seconds.